[ AOE2 MATCH · #475508331 ]
UnrankedMongols vs Romans
[ REPLAY ANALYSIS · EXTRACTED FROM THE RECORDED GAME ]
Feudal
—
Castle
—
Imperial
—
| APM avg | 51.9 |
| APM peak | 252 |
| eAPM avg | 49.3 |
| Villagers / military | 194 / 1049 |
Focus
⚔️ 13.0% · 🌾 87.0%
Mangonel ×227 · Camel Scout ×198 · Scout Cavalry ×185 · Mangudai ×137 · Scorpion ×126 · Battering Ram ×99
Feudal
—
Castle
—
Imperial
—
| APM avg | 19.4 |
| APM peak | 90 |
| eAPM avg | 12.8 |
| Villagers / military | 172 / 513 |
Focus
⚔️ 26.1% · 🌾 73.9%
War Elephant ×174 · Camel Scout ×140 · Knight ×96 · Trade Cart ×93 · Bombard Cannon ×83 · Scout Cavalry ×16
Feudal
—
Castle
—
Imperial
—
| APM avg | 30.1 |
| APM peak | 118 |
| eAPM avg | 22.0 |
| Villagers / military | 144 / 477 |
Focus
⚔️ 46.9% · 🌾 53.1%
Unknown (1263) ×455 · Scout Cavalry ×217 · Keshik ×136 · Spearman ×96 · Trade Cart ×35 · Trebuchet (Packed) ×27
Feudal
—
Castle
—
Imperial
—
| APM avg | 19.6 |
| APM peak | 125 |
| eAPM avg | 13.7 |
| Villagers / military | 123 / 941 |
Focus
⚔️ 48.0% · 🌾 52.0%
Spearman ×526 · Militia ×186 · Scorpion ×131 · Centurion ×98 · Trade Cart ×20
Feudal
—
Castle
—
Imperial
—
| APM avg | 28.3 |
| APM peak | 101 |
| eAPM avg | 20.5 |
| Villagers / military | 189 / 733 |
Focus
⚔️ 26.5% · 🌾 73.5%
Spearman ×317 · Knight ×309 · Mangonel ×94 · Trade Cart ×77 · Bombard Cannon ×7 · Trebuchet (Packed) ×6
Feudal
—
Castle
—
Imperial
—
| APM avg | 18.7 |
| APM peak | 50 |
| eAPM avg | 16.1 |
| Villagers / military | 180 / 519 |
Focus
⚔️ 50.3% · 🌾 49.7%
War Elephant ×197 · Knight ×127 · Scorpion ×126 · Trade Cart ×57 · Mangonel ×41 · Bombard Cannon ×28
Match map
Initial resources + every placement click. Lines = walls · curves = elevation contours. ◆ gold · ⬟ stone · ● berries · ✦ relic · ◌ wall gap
Your base· ✓ Map-separated
Slimyfellas's base· ✓ Map-separated
GFX FELLAS's base· ✓ Map-separated
vmora21's base· ✓ Map-separated
makingterror's base· ✓ Map-separated
Gagsninja's base· ✓ Map-separated
Smoothed initial terrain · ◌ = detected wall gap · hover for details
Inputs per minute
— Aloof7394 - - Slimyfellas
Build order — Aloof7394
First 150 of 727 actions detected
| 0:04 | Research | Loom |
| 0:04 | Create | Villager (Male) ×4 |
| 0:11 | Build | House |
| 0:12 | Build | House |
| 0:13 | Build | House |
| 0:13 | Build | House |
| 0:21 | Build | Lumber Camp |
| 1:34 | Create | Villager (Male) |
| 2:00 | Create | Villager (Male) |
| 2:25 | Create | Villager (Male) |
| 3:01 | Create | Villager (Male) |
| 3:01 | Create | Villager (Male) |
| 3:51 | Build | Mill |
| 3:57 | Create | Villager (Male) |
| 4:18 | Build | Mill |
| 4:22 | Create | Villager (Male) |
| 4:22 | Create | Villager (Male) |
| 4:22 | Create | Villager (Male) |
| 4:23 | Create | Villager (Male) |
| 4:55 | Create | Villager (Male) |
| 4:55 | Create | Villager (Male) |
| 5:55 | Build | Mining Camp |
| 6:11 | Create | Villager (Male) |
| 6:11 | Create | Villager (Male) |
| 6:11 | Create | Villager (Male) |
| 7:43 | Build | Lumber Camp |
| 8:16 | Research | Feudal Age |
| 8:29 | Build | Farm |
| 8:30 | Build | Farm |
| 8:31 | Build | Farm |
| 8:31 | Build | Farm |
| 8:31 | Build | Farm |
| 8:32 | Build | Farm |
| 8:32 | Build | Farm |
| 8:32 | Build | Farm |
| 8:39 | Create | Villager (Male) ×5 |
| 9:07 | Build | Farm |
| 9:20 | Build | Farm |
| 10:08 | Build | Mining Camp |
| 10:34 | Build | Farm |
| 10:35 | Build | Farm |
| 10:36 | Build | Farm |
| 10:36 | Build | Farm |
| 10:42 | Create | Villager (Male) |
| 10:46 | Research | Double-Bit Axe |
| 11:33 | Build | Market |
| 11:58 | Build | Blacksmith |
| 12:25 | Build | Farm |
| 13:07 | Research | Castle Age |
| 13:17 | Research | Horse Collar |
| 13:38 | Research | Gold Mining |
| 14:00 | Build | House |
| 14:00 | Build | House |
| 14:01 | Build | House |
| 14:01 | Build | House |
| 14:01 | Build | House |
| 14:01 | Build | House |
| 14:01 | Build | House |
| 14:02 | Build | House |
| 14:34 | Create | Villager (Male) ×4 |
| 14:42 | Research | Wheelbarrow |
| 14:51 | Build | House |
| 14:56 | Build | House |
| 14:59 | Build | House |
| 15:00 | Build | House |
| 15:01 | Build | House |
| 15:02 | Build | House |
| 15:04 | Build | House |
| 15:07 | Build | House |
| 15:08 | Build | House |
| 15:09 | Build | House |
| 15:12 | Build | House |
| 15:48 | Research | Bow Saw |
| 15:52 | Research | Heavy Plow |
| 16:06 | Build | Town Center |
| 16:18 | Build | Town Center |
| 16:32 | Create | Villager (Male) |
| 16:32 | Create | Villager (Male) |
| 17:25 | Build | Monastery |
| 17:34 | Create | Villager (Male) ×3 |
| 18:20 | Create | Villager (Male) ×4 |
| 18:28 | Build | Town Center |
| 18:45 | Build | Town Center |
| 18:54 | Create | Villager (Male) ×3 |
| 19:17 | Build | Town Center |
| 19:27 | Create | Villager (Male) ×3 |
| 19:36 | Create | Monk |
| 20:04 | Create | Villager (Male) ×3 |
| 20:17 | Create | Villager (Male) |
| 20:34 | Create | Villager (Male) ×2 |
| 20:41 | Build | Farm |
| 20:41 | Build | Farm |
| 20:41 | Build | Farm |
| 20:41 | Build | Farm |
| 20:41 | Build | Farm |
| 20:41 | Build | Farm |
| 20:41 | Build | Farm |
| 20:41 | Build | Farm |
| 20:42 | Build | Farm |
| 20:45 | Create | Villager (Male) ×2 |
| 20:46 | Build | Farm |
| 20:46 | Build | Farm |
| 20:46 | Build | Farm |
| 20:46 | Build | Farm |
| 20:46 | Build | Farm |
| 20:46 | Build | Farm |
| 20:46 | Build | Farm |
| 20:46 | Build | Farm |
| 20:46 | Build | Farm |
| 20:46 | Build | Farm |
| 20:46 | Build | Farm |
| 20:46 | Build | Farm |
| 20:46 | Build | Farm |
| 20:46 | Build | Farm |
| 20:46 | Build | Farm |
| 20:47 | Build | Farm |
| 20:47 | Build | Farm |
| 20:47 | Build | Farm |
| 20:47 | Build | Farm |
| 20:48 | Build | Farm |
| 20:48 | Build | Farm |
| 20:48 | Build | Farm |
| 20:48 | Build | Farm |
| 20:48 | Build | Farm |
| 20:48 | Build | Farm |
| 20:48 | Build | Farm |
| 20:48 | Build | Farm |
| 20:48 | Build | Farm |
| 20:49 | Build | Farm |
| 20:49 | Build | Farm |
| 20:49 | Build | Farm |
| 20:49 | Build | Farm |
| 20:50 | Build | Farm |
| 20:50 | Build | Farm |
| 20:50 | Build | Farm |
| 20:50 | Build | Farm |
| 20:50 | Build | Farm |
| 20:50 | Build | Farm |
| 20:55 | Build | Farm |
| 20:55 | Build | Farm |
| 20:56 | Build | Farm |
| 20:59 | Build | Farm |
| 20:59 | Build | Farm |
| 20:59 | Build | Farm |
| 21:10 | Build | Farm |
| 21:10 | Build | Farm |
| 21:18 | Build | Farm |
| 21:18 | Build | Farm |
| 21:18 | Build | Farm |
| 21:18 | Build | Farm |
Build order — Slimyfellas
First 150 of 439 actions detected
| 0:07 | Create | Villager (Male) ×5 |
| 0:22 | Build | Lumber Camp |
| 1:02 | Build | House |
| 1:07 | Build | House |
| 1:17 | Create | Villager (Male) |
| 1:45 | Create | Villager (Male) |
| 2:15 | Create | Villager (Male) |
| 2:22 | Build | Mill |
| 2:38 | Create | Villager (Male) |
| 2:38 | Create | Villager (Male) |
| 3:22 | Create | Villager (Male) |
| 4:17 | Create | Villager (Male) |
| 4:17 | Create | Villager (Male) |
| 4:17 | Create | Villager (Male) |
| 4:45 | Create | Villager (Male) |
| 5:53 | Build | Mining Camp |
| 6:00 | Research | Feudal Age |
| 8:13 | Build | Farm |
| 8:14 | Build | Farm |
| 8:14 | Build | Farm |
| 8:15 | Build | Farm |
| 8:16 | Build | Farm |
| 8:27 | Build | Market |
| 8:36 | Build | Blacksmith |
| 9:01 | Research | Wheelbarrow |
| 9:31 | Research | Double-Bit Axe |
| 9:49 | Research | Castle Age |
| 10:10 | Build | House |
| 10:12 | Build | House |
| 10:13 | Build | House |
| 10:17 | Build | House |
| 10:20 | Build | House |
| 10:56 | Build | Lumber Camp |
| 11:44 | Create | Villager (Male) |
| 11:45 | Create | Villager (Male) |
| 11:45 | Create | Villager (Male) |
| 11:45 | Create | Villager (Male) |
| 12:43 | Build | Town Center |
| 12:48 | Research | Hand Cart |
| 12:57 | Create | Villager (Male) |
| 13:32 | Build | Town Center |
| 13:38 | Create | Villager (Male) |
| 13:45 | Build | House |
| 13:47 | Build | House |
| 14:06 | Create | Villager (Male) |
| 14:06 | Create | Villager (Male) |
| 14:37 | Build | House |
| 14:40 | Build | House |
| 14:43 | Build | House |
| 14:48 | Create | Villager (Male) |
| 14:48 | Create | Villager (Male) |
| 14:49 | Create | Villager (Male) |
| 14:49 | Create | Villager (Male) |
| 15:08 | Create | Villager (Male) |
| 15:08 | Create | Villager (Male) |
| 15:28 | Build | Farm |
| 15:28 | Build | Farm |
| 15:28 | Build | Farm |
| 15:34 | Create | Villager (Male) |
| 15:34 | Create | Villager (Male) |
| 15:42 | Build | Farm |
| 15:42 | Build | Farm |
| 15:43 | Build | Farm |
| 16:03 | Build | House |
| 16:08 | Build | House |
| 16:11 | Build | House |
| 16:16 | Create | Villager (Male) |
| 16:16 | Create | Villager (Male) |
| 16:25 | Create | Villager (Male) |
| 16:45 | Build | Farm |
| 16:46 | Build | Farm |
| 16:53 | Create | Villager (Male) |
| 16:59 | Build | Farm |
| 17:00 | Build | Farm |
| 17:05 | Create | Villager (Male) |
| 17:14 | Create | Villager (Male) |
| 17:19 | Build | Farm |
| 17:20 | Build | Farm |
| 17:26 | Create | Villager (Male) |
| 17:28 | Create | Villager (Male) |
| 17:42 | Build | House |
| 17:45 | Build | House |
| 17:48 | Build | House |
| 17:50 | Build | House |
| 17:51 | Build | House |
| 17:52 | Build | House |
| 17:53 | Build | House |
| 17:57 | Create | Villager (Male) |
| 17:57 | Create | Villager (Male) |
| 17:57 | Create | Villager (Male) |
| 18:12 | Build | Town Center |
| 18:16 | Create | Villager (Male) |
| 18:17 | Create | Villager (Male) |
| 18:17 | Create | Villager (Male) |
| 18:31 | Create | Villager (Male) |
| 18:31 | Create | Villager (Male) |
| 18:38 | Create | Villager (Male) |
| 18:52 | Build | Farm |
| 18:52 | Build | Farm |
| 19:10 | Build | Farm |
| 19:11 | Build | Farm |
| 19:12 | Build | Farm |
| 19:12 | Build | Farm |
| 19:13 | Build | Farm |
| 19:14 | Build | Farm |
| 19:14 | Build | Farm |
| 19:15 | Build | Farm |
| 19:22 | Create | Villager (Male) |
| 19:22 | Create | Villager (Male) |
| 19:22 | Create | Villager (Male) |
| 19:22 | Create | Villager (Male) |
| 19:23 | Create | Villager (Male) |
| 19:23 | Create | Villager (Male) |
| 19:23 | Create | Villager (Male) |
| 19:32 | Create | Villager (Male) |
| 19:32 | Create | Villager (Male) |
| 19:42 | Build | Farm |
| 19:42 | Build | Farm |
| 19:52 | Build | Farm |
| 19:56 | Create | Villager (Male) |
| 19:57 | Create | Villager (Male) |
| 19:57 | Create | Villager (Male) |
| 20:07 | Create | Villager (Male) |
| 20:08 | Create | Villager (Male) |
| 20:29 | Build | Town Center |
| 20:39 | Create | Villager (Male) |
| 20:40 | Create | Villager (Male) |
| 20:40 | Create | Villager (Male) |
| 20:40 | Create | Villager (Male) |
| 20:40 | Create | Villager (Male) |
| 20:41 | Create | Villager (Male) |
| 20:41 | Create | Villager (Male) |
| 20:48 | Create | Villager (Male) |
| 20:55 | Create | Villager (Male) |
| 21:11 | Research | Bow Saw |
| 21:14 | Create | Villager (Male) |
| 21:33 | Build | Mining Camp |
| 21:37 | Create | Villager (Male) |
| 21:38 | Create | Villager (Male) |
| 21:38 | Create | Villager (Male) |
| 21:38 | Create | Villager (Male) |
| 21:46 | Build | Farm |
| 21:46 | Build | Farm |
| 21:46 | Build | Farm |
| 21:47 | Build | Farm |
| 21:47 | Build | Farm |
| 21:47 | Build | Farm |
| 22:04 | Build | Lumber Camp |
| 22:14 | Create | Villager (Male) |
| 22:14 | Create | Villager (Male) |
Build order — GFX FELLAS
First 150 of 652 actions detected
| 0:05 | Build | House |
| 0:07 | Build | House |
| 0:09 | Build | House |
| 0:14 | Create | Villager (Male) |
| 0:14 | Create | Villager (Male) |
| 0:15 | Create | Villager (Male) |
| 0:15 | Create | Villager (Male) |
| 1:17 | Create | Villager (Male) |
| 1:17 | Create | Villager (Male) |
| 1:57 | Build | Lumber Camp |
| 2:04 | Create | Villager (Male) |
| 2:04 | Create | Villager (Male) |
| 2:04 | Create | Villager (Male) |
| 2:50 | Create | Villager (Male) |
| 2:51 | Create | Villager (Male) |
| 3:40 | Build | Mill |
| 3:54 | Create | Villager (Male) |
| 3:54 | Create | Villager (Male) |
| 3:54 | Create | Villager (Male) |
| 4:46 | Create | Villager (Male) |
| 4:46 | Create | Villager (Male) |
| 5:29 | Create | Villager (Male) |
| 6:47 | Create | Villager (Male) |
| 6:56 | Create | Villager (Male) |
| 7:48 | Research | Feudal Age |
| 8:30 | Build | Mining Camp |
| 8:41 | Build | Farm |
| 8:41 | Build | Farm |
| 8:41 | Build | Farm |
| 8:42 | Build | Farm |
| 8:42 | Build | Farm |
| 8:42 | Build | Farm |
| 9:15 | Create | Villager (Male) |
| 9:15 | Create | Villager (Male) |
| 9:21 | Build | House |
| 9:26 | Build | House |
| 9:35 | Build | Lumber Camp |
| 10:11 | Build | Blacksmith |
| 10:33 | Build | Market |
| 10:52 | Research | Horse Collar |
| 11:00 | Research | Double-Bit Axe |
| 11:10 | Create | Villager (Male) |
| 11:10 | Create | Villager (Male) |
| 11:45 | Research | Castle Age |
| 12:08 | Create | Villager (Male) |
| 13:21 | Build | Barracks |
| 13:26 | Build | House |
| 13:28 | Build | House |
| 13:30 | Build | House |
| 13:32 | Build | House |
| 13:37 | Build | House |
| 13:39 | Build | House |
| 13:42 | Build | House |
| 13:44 | Build | House |
| 13:47 | Build | House |
| 13:52 | Build | House |
| 13:55 | Build | House |
| 13:56 | Build | House |
| 13:58 | Build | House |
| 14:05 | Build | House |
| 14:09 | Build | House |
| 14:12 | Build | House |
| 14:13 | Build | House |
| 14:14 | Build | House |
| 14:17 | Build | House |
| 15:23 | Build | Town Center |
| 15:32 | Create | Villager (Male) |
| 15:32 | Create | Villager (Male) |
| 15:32 | Create | Villager (Male) |
| 15:33 | Create | Villager (Male) |
| 15:33 | Create | Villager (Male) |
| 15:44 | Build | Farm |
| 15:50 | Research | Bow Saw |
| 16:05 | Research | Wheelbarrow |
| 16:11 | Research | Loom |
| 16:20 | Create | Villager (Male) |
| 16:21 | Create | Villager (Male) |
| 16:21 | Create | Villager (Male) |
| 16:21 | Create | Villager (Male) |
| 16:46 | Create | Villager (Male) |
| 16:46 | Create | Villager (Male) |
| 17:03 | Build | Town Center |
| 17:39 | Build | Mining Camp |
| 17:41 | Create | Villager (Male) |
| 17:41 | Create | Villager (Male) |
| 17:42 | Create | Villager (Male) |
| 17:42 | Create | Villager (Male) |
| 17:55 | Research | Heavy Plow |
| 18:37 | Build | Lumber Camp |
| 18:53 | Build | Farm |
| 18:54 | Build | Farm |
| 18:54 | Build | Farm |
| 18:54 | Build | Farm |
| 18:54 | Build | Farm |
| 18:56 | Build | Farm |
| 19:24 | Build | Town Center |
| 19:30 | Create | Villager (Male) |
| 19:30 | Create | Villager (Male) |
| 19:30 | Create | Villager (Male) |
| 19:30 | Create | Villager (Male) |
| 19:30 | Create | Villager (Male) |
| 19:30 | Create | Villager (Male) |
| 19:31 | Create | Villager (Male) |
| 19:31 | Create | Villager (Male) |
| 19:31 | Create | Villager (Male) |
| 19:31 | Create | Villager (Male) |
| 19:31 | Create | Villager (Male) |
| 19:31 | Create | Villager (Male) |
| 19:51 | Create | Villager (Male) |
| 20:33 | Build | House |
| 20:35 | Build | House |
| 20:38 | Build | House |
| 20:39 | Build | House |
| 20:40 | Build | House |
| 20:41 | Build | House |
| 20:44 | Build | House |
| 20:45 | Build | House |
| 20:51 | Build | House |
| 20:52 | Build | House |
| 20:58 | Build | House |
| 21:01 | Build | House |
| 21:04 | Build | House |
| 21:06 | Build | House |
| 21:08 | Build | House |
| 21:10 | Build | House |
| 21:22 | Build | Lumber Camp |
| 21:32 | Build | Farm |
| 21:33 | Build | Farm |
| 21:33 | Build | Farm |
| 21:33 | Build | Farm |
| 21:33 | Build | Farm |
| 21:34 | Build | Farm |
| 21:46 | Create | Villager (Male) |
| 21:46 | Create | Villager (Male) |
| 21:46 | Create | Villager (Male) |
| 21:46 | Create | Villager (Male) |
| 21:46 | Create | Villager (Male) |
| 21:46 | Create | Villager (Male) |
| 21:46 | Create | Villager (Male) |
| 21:46 | Create | Villager (Male) |
| 21:47 | Create | Villager (Male) |
| 21:47 | Create | Villager (Male) |
| 21:47 | Create | Villager (Male) |
| 21:47 | Create | Villager (Male) |
| 21:47 | Create | Villager (Male) |
| 21:47 | Create | Villager (Male) |
| 21:47 | Create | Villager (Male) |
| 21:47 | Create | Villager (Male) |
| 21:47 | Create | Villager (Male) |
| 21:47 | Create | Villager (Male) |
Build order — vmora21
First 150 of 499 actions detected
| 0:29 | Build | Lumber Camp |
| 0:40 | Build | Mill |
| 0:50 | Create | Villager (Male) |
| 1:29 | Create | Villager (Male) |
| 1:54 | Build | House |
| 1:56 | Build | House |
| 1:58 | Build | House |
| 2:00 | Build | House |
| 2:11 | Create | Villager (Male) |
| 2:12 | Create | Villager (Male) |
| 3:05 | Create | Villager (Male) |
| 3:29 | Create | Villager (Male) |
| 3:29 | Create | Villager (Male) |
| 4:02 | Create | Villager (Male) |
| 4:02 | Create | Villager (Male) |
| 4:19 | Research | Loom |
| 5:14 | Create | Villager (Male) |
| 5:27 | Create | Villager (Male) |
| 5:27 | Create | Villager (Male) |
| 6:54 | Create | Villager (Male) |
| 6:54 | Create | Villager (Male) |
| 6:55 | Create | Villager (Male) |
| 6:55 | Create | Villager (Male) |
| 6:55 | Create | Villager (Male) |
| 7:17 | Build | House |
| 7:18 | Build | House |
| 7:20 | Build | House |
| 7:22 | Build | House |
| 7:23 | Build | House |
| 7:24 | Build | House |
| 7:27 | Build | House |
| 8:44 | Research | Feudal Age |
| 10:57 | Research | Town Watch |
| 11:10 | Research | Double-Bit Axe |
| 11:13 | Research | Horse Collar |
| 11:13 | Research | Horse Collar |
| 11:15 | Research | Wheelbarrow |
| 11:29 | Build | Blacksmith |
| 11:33 | Build | Market |
| 12:52 | Create | Villager (Male) |
| 12:52 | Create | Villager (Male) |
| 12:53 | Create | Villager (Male) |
| 12:53 | Create | Villager (Male) |
| 12:53 | Create | Villager (Male) |
| 13:16 | Build | Mining Camp |
| 13:46 | Create | Villager (Male) |
| 14:13 | Create | Villager (Male) |
| 14:38 | Create | Villager (Male) |
| 14:56 | Research | Gold Mining |
| 14:57 | Research | Stone Mining |
| 15:05 | Create | Villager (Male) |
| 15:31 | Create | Villager (Male) |
| 16:20 | Build | Farm |
| 16:21 | Build | Farm |
| 16:22 | Build | Farm |
| 16:24 | Build | Farm |
| 16:26 | Build | Farm |
| 16:28 | Build | Farm |
| 16:30 | Build | Farm |
| 16:32 | Build | Farm |
| 16:33 | Build | Farm |
| 16:34 | Build | Farm |
| 16:36 | Build | Farm |
| 16:38 | Build | Farm |
| 16:42 | Build | Farm |
| 16:45 | Build | Farm |
| 17:01 | Build | Mill |
| 17:40 | Create | Villager (Male) |
| 18:00 | Build | Farm |
| 18:02 | Build | Farm |
| 18:13 | Build | Farm |
| 18:15 | Build | Farm |
| 18:17 | Build | Farm |
| 18:49 | Create | Villager (Male) |
| 19:59 | Research | Castle Age |
| 19:59 | Research | Castle Age |
| 22:42 | Build | Mining Camp |
| 22:44 | Research | Gold Shaft Mining |
| 22:48 | Research | Hand Cart |
| 22:48 | Research | Town Patrol |
| 23:09 | Build | Town Center |
| 23:52 | Build | Town Center |
| 24:24 | Research | Heavy Plow |
| 24:31 | Research | Bow Saw |
| 24:35 | Create | Villager (Male) |
| 24:35 | Create | Villager (Male) |
| 24:35 | Create | Villager (Male) |
| 24:35 | Create | Villager (Male) |
| 24:36 | Create | Villager (Male) |
| 24:36 | Create | Villager (Male) |
| 25:02 | Build | Town Center |
| 25:31 | Create | Villager (Male) |
| 25:31 | Create | Villager (Male) |
| 25:31 | Create | Villager (Male) |
| 25:32 | Create | Villager (Male) |
| 25:32 | Create | Villager (Male) |
| 25:32 | Create | Villager (Male) |
| 26:23 | Build | Town Center |
| 26:43 | Create | Villager (Male) ×5 |
| 26:43 | Create | Villager (Male) ×5 |
| 27:43 | Build | Farm |
| 27:55 | Create | Villager (Male) ×5 |
| 27:55 | Create | Villager (Male) ×5 |
| 27:56 | Create | Villager (Male) ×5 |
| 27:56 | Create | Villager (Male) ×5 |
| 27:56 | Create | Villager (Male) ×5 |
| 27:56 | Create | Villager (Male) ×5 |
| 27:57 | Create | Villager (Male) ×5 |
| 27:57 | Create | Villager (Male) ×4 |
| 27:58 | Create | Villager (Male) |
| 28:15 | Build | Farm |
| 28:17 | Build | Farm |
| 28:18 | Build | Farm |
| 28:20 | Build | Farm |
| 28:21 | Build | Farm |
| 28:24 | Build | Farm |
| 28:42 | Build | Farm |
| 28:44 | Build | Farm |
| 28:48 | Build | Farm |
| 28:56 | Build | Farm |
| 28:57 | Build | Farm |
| 29:07 | Build | Farm |
| 29:09 | Build | Farm |
| 29:10 | Build | Farm |
| 29:12 | Build | Farm |
| 29:13 | Build | Farm |
| 30:11 | Build | Farm |
| 30:21 | Build | House |
| 30:21 | Build | House |
| 30:21 | Build | House |
| 30:22 | Build | House |
| 30:22 | Build | House |
| 30:22 | Build | House |
| 30:22 | Build | House |
| 30:23 | Build | House |
| 30:23 | Build | House |
| 30:25 | Build | House |
| 30:26 | Build | House |
| 30:26 | Build | House |
| 30:26 | Build | House |
| 30:26 | Build | House |
| 30:27 | Build | House |
| 30:27 | Build | House |
| 30:28 | Build | House |
| 30:40 | Build | House |
| 30:40 | Build | House |
| 30:40 | Build | House |
| 31:10 | Build | Farm |
| 31:22 | Build | Farm |
| 32:02 | Build | Lumber Camp |
Build order — makingterror
First 150 of 647 actions detected
| 0:02 | Create | Villager (Male) ×4 |
| 0:11 | Build | Lumber Camp |
| 0:16 | Build | House |
| 0:18 | Build | House |
| 1:31 | Create | Villager (Male) |
| 2:39 | Create | Villager (Male) |
| 2:39 | Create | Villager (Male) |
| 3:45 | Create | Villager (Male) |
| 3:45 | Create | Villager (Male) |
| 3:45 | Create | Villager (Male) |
| 4:01 | Create | Villager (Male) |
| 4:01 | Create | Villager (Male) |
| 4:40 | Build | Mill |
| 4:41 | Create | Villager (Male) |
| 4:42 | Create | Villager (Male) |
| 5:07 | Build | Mill |
| 5:22 | Create | Villager (Male) |
| 5:22 | Create | Villager (Male) |
| 5:48 | Build | Lumber Camp |
| 6:40 | Create | Villager (Male) |
| 7:35 | Build | House |
| 7:52 | Build | House |
| 7:56 | Build | House |
| 8:18 | Research | Feudal Age |
| 9:06 | Create | Villager (Male) |
| 9:06 | Create | Villager (Male) |
| 10:01 | Build | Farm |
| 10:02 | Build | Farm |
| 10:03 | Build | Farm |
| 10:07 | Build | Farm |
| 10:50 | Build | Blacksmith |
| 11:00 | Build | Market |
| 11:03 | Create | Villager (Male) |
| 11:10 | Research | Double-Bit Axe |
| 11:24 | Build | House |
| 11:38 | Build | Farm |
| 11:39 | Build | Farm |
| 11:40 | Build | Farm |
| 11:44 | Build | Farm |
| 11:59 | Build | Market |
| 12:22 | Research | Horse Collar |
| 12:25 | Create | Villager (Male) |
| 12:25 | Create | Villager (Male) |
| 12:50 | Build | Mining Camp |
| 14:26 | Build | Lumber Camp |
| 14:29 | Research | Castle Age |
| 16:04 | Build | Mill |
| 16:12 | Build | Farm |
| 16:13 | Build | Farm |
| 16:14 | Build | Farm |
| 16:15 | Build | Farm |
| 16:16 | Build | Farm |
| 16:17 | Build | Farm |
| 16:19 | Build | Farm |
| 16:20 | Build | Farm |
| 16:21 | Build | Farm |
| 16:23 | Build | Farm |
| 16:26 | Build | Farm |
| 17:32 | Create | Villager (Male) |
| 17:32 | Create | Villager (Male) |
| 17:52 | Build | Town Center |
| 18:14 | Create | Villager (Male) |
| 18:15 | Create | Villager (Male) |
| 18:33 | Build | House |
| 18:47 | Build | Town Center |
| 19:01 | Build | House |
| 19:09 | Create | Villager (Male) |
| 19:10 | Create | Villager (Male) |
| 19:43 | Build | Town Center |
| 19:48 | Create | Villager (Male) |
| 19:48 | Create | Villager (Male) |
| 19:56 | Build | Monastery |
| 20:12 | Create | Villager (Male) |
| 20:12 | Create | Villager (Male) |
| 20:15 | Create | Villager (Male) |
| 20:19 | Create | Villager (Male) |
| 20:26 | Research | Bow Saw |
| 20:39 | Create | Villager (Male) |
| 20:40 | Create | Villager (Male) |
| 20:41 | Create | Villager (Male) |
| 20:47 | Create | Villager (Male) |
| 20:58 | Build | Town Center |
| 21:06 | Create | Villager (Male) |
| 21:14 | Create | Villager (Male) |
| 21:16 | Create | Villager (Male) |
| 21:17 | Create | Villager (Male) |
| 21:19 | Create | Villager (Male) |
| 21:19 | Create | Villager (Male) |
| 21:29 | Research | Wheelbarrow |
| 21:46 | Build | Farm |
| 21:46 | Build | Farm |
| 21:46 | Build | Farm |
| 21:46 | Build | Farm |
| 21:47 | Build | Farm |
| 21:47 | Build | Farm |
| 21:47 | Build | Farm |
| 21:47 | Build | Farm |
| 21:48 | Build | Farm |
| 21:58 | Build | House |
| 21:59 | Build | House |
| 22:06 | Build | University |
| 22:10 | Create | Villager (Male) |
| 22:11 | Create | Villager (Male) |
| 22:12 | Create | Villager (Male) |
| 22:13 | Create | Villager (Male) |
| 22:14 | Create | Villager (Male) |
| 22:15 | Create | Villager (Male) |
| 22:17 | Create | Villager (Male) |
| 22:19 | Create | Villager (Male) |
| 22:26 | Build | Farm |
| 22:32 | Build | Farm |
| 22:33 | Build | Farm |
| 22:52 | Create | Villager (Male) |
| 22:53 | Create | Villager (Male) |
| 22:55 | Create | Villager (Male) |
| 22:56 | Create | Villager (Male) |
| 23:19 | Build | House |
| 23:20 | Build | House |
| 23:23 | Build | House |
| 23:25 | Build | House |
| 23:28 | Build | House |
| 23:32 | Create | Villager (Male) |
| 23:34 | Create | Villager (Male) |
| 23:35 | Create | Villager (Male) |
| 23:35 | Create | Villager (Male) |
| 23:36 | Create | Villager (Male) |
| 23:47 | Create | Trade Cart |
| 23:47 | Create | Trade Cart |
| 23:47 | Create | Trade Cart |
| 23:47 | Create | Trade Cart |
| 24:02 | Create | Villager (Male) |
| 24:06 | Create | Villager (Male) |
| 24:07 | Create | Villager (Male) |
| 24:10 | Create | Villager (Male) |
| 24:13 | Create | Villager (Male) |
| 24:45 | Build | Farm |
| 24:47 | Build | Farm |
| 24:48 | Build | Farm |
| 24:49 | Build | Farm |
| 24:50 | Build | Farm |
| 24:51 | Build | Farm |
| 24:53 | Build | Farm |
| 24:54 | Build | Farm |
| 24:54 | Build | Farm |
| 25:04 | Create | Villager (Male) |
| 25:07 | Create | Villager (Male) |
| 25:08 | Create | Villager (Male) |
| 25:10 | Create | Villager (Male) |
| 25:10 | Create | Villager (Male) |
| 25:32 | Build | Farm |
Build order — Gagsninja
First 150 of 1085 actions detected
| 0:01 | Create | Villager (Male) |
| 0:02 | Create | Villager (Male) |
| 0:02 | Create | Villager (Male) |
| 0:02 | Create | Villager (Male) |
| 0:11 | Build | House |
| 0:41 | Build | House |
| 0:44 | Build | House |
| 0:53 | Create | Villager (Male) |
| 0:53 | Create | Villager (Male) |
| 0:53 | Create | Villager (Male) |
| 1:27 | Create | Villager (Male) |
| 1:58 | Create | Villager (Male) |
| 1:58 | Create | Villager (Male) |
| 1:58 | Create | Villager (Male) |
| 2:23 | Create | Villager (Male) |
| 2:24 | Create | Villager (Male) |
| 2:24 | Create | Villager (Male) |
| 2:53 | Create | Villager (Male) |
| 3:16 | Create | Villager (Male) |
| 3:16 | Create | Villager (Male) |
| 4:37 | Create | Villager (Male) |
| 4:38 | Create | Villager (Male) |
| 5:02 | Build | Mill |
| 5:22 | Build | Lumber Camp |
| 5:58 | Build | Mill |
| 6:10 | Research | Feudal Age |
| 6:58 | Build | Lumber Camp |
| 7:27 | Create | Villager (Male) |
| 7:27 | Create | Villager (Male) |
| 7:27 | Create | Villager (Male) |
| 7:28 | Create | Villager (Male) |
| 7:28 | Create | Villager (Male) |
| 7:39 | Build | Farm |
| 7:42 | Build | Farm |
| 8:16 | Build | Lumber Camp |
| 8:56 | Build | Farm |
| 9:03 | Build | Farm |
| 9:08 | Build | Farm |
| 9:21 | Build | Farm |
| 9:36 | Build | House |
| 9:45 | Create | Villager (Male) |
| 10:01 | Build | Blacksmith |
| 10:07 | Build | Farm |
| 10:13 | Build | Farm |
| 10:26 | Build | House |
| 10:28 | Build | House |
| 10:45 | Build | Farm |
| 10:48 | Build | Farm |
| 11:11 | Create | Villager (Male) |
| 11:12 | Create | Villager (Male) |
| 11:12 | Create | Villager (Male) |
| 11:18 | Create | Villager (Male) |
| 11:34 | Build | Market |
| 11:45 | Build | Farm |
| 11:48 | Build | Farm |
| 11:51 | Build | Farm |
| 12:02 | Create | Villager (Male) |
| 12:49 | Research | Castle Age |
| 12:55 | Build | Market |
| 13:12 | Build | House |
| 13:14 | Build | House |
| 13:17 | Build | House |
| 13:19 | Build | House |
| 13:37 | Research | Wheelbarrow |
| 13:38 | Create | Villager (Male) |
| 13:39 | Create | Villager (Male) |
| 13:58 | Research | Double-Bit Axe |
| 14:06 | Build | Market |
| 14:28 | Research | Horse Collar |
| 14:44 | Build | House |
| 14:46 | Build | House |
| 14:49 | Build | House |
| 14:51 | Build | House |
| 15:33 | Build | Town Center |
| 15:41 | Create | Villager (Male) |
| 15:41 | Create | Villager (Male) |
| 15:41 | Create | Villager (Male) |
| 15:47 | Research | Bow Saw |
| 16:12 | Build | Town Center |
| 16:32 | Create | Villager (Male) |
| 16:32 | Create | Villager (Male) |
| 16:33 | Create | Villager (Male) |
| 16:33 | Create | Villager (Male) |
| 16:33 | Create | Villager (Male) |
| 16:38 | Build | Farm |
| 16:40 | Build | Farm |
| 16:43 | Build | Farm |
| 17:19 | Build | Mining Camp |
| 17:23 | Create | Villager (Male) |
| 17:23 | Create | Villager (Male) |
| 17:24 | Create | Villager (Male) |
| 17:30 | Build | Farm |
| 17:33 | Build | Farm |
| 17:36 | Build | Farm |
| 17:40 | Create | Villager (Male) |
| 17:42 | Create | Villager (Male) |
| 17:43 | Create | Villager (Male) |
| 17:44 | Create | Villager (Male) |
| 17:45 | Create | Villager (Male) |
| 17:52 | Build | House |
| 18:00 | Build | House |
| 18:05 | Create | Villager (Male) |
| 18:09 | Build | Farm |
| 18:15 | Build | Farm |
| 18:17 | Build | Farm |
| 18:21 | Build | Farm |
| 18:27 | Build | Farm |
| 18:29 | Create | Villager (Male) |
| 18:29 | Create | Villager (Male) |
| 18:33 | Create | Villager (Male) |
| 18:38 | Build | Farm |
| 18:40 | Build | Farm |
| 18:47 | Build | Farm |
| 18:51 | Create | Villager (Male) |
| 18:51 | Create | Villager (Male) |
| 18:52 | Create | Villager (Male) |
| 18:53 | Create | Villager (Male) |
| 18:54 | Create | Villager (Male) |
| 18:55 | Create | Villager (Male) |
| 19:08 | Build | Farm |
| 19:11 | Build | Farm |
| 19:21 | Build | Farm |
| 19:24 | Build | Farm |
| 19:27 | Build | Farm |
| 19:31 | Build | Farm |
| 19:39 | Create | Villager (Male) |
| 19:39 | Create | Villager (Male) |
| 19:41 | Create | Villager (Male) |
| 19:41 | Create | Villager (Male) |
| 19:42 | Create | Villager (Male) |
| 19:43 | Create | Villager (Male) |
| 19:59 | Build | Monastery |
| 20:01 | Create | Villager (Male) |
| 20:03 | Create | Villager (Male) |
| 20:05 | Create | Villager (Male) |
| 20:05 | Create | Villager (Male) |
| 20:13 | Build | Farm |
| 20:16 | Build | Farm |
| 20:36 | Build | Town Center |
| 21:02 | Build | University |
| 21:04 | Create | Villager (Male) |
| 21:04 | Create | Villager (Male) |
| 21:06 | Create | Villager (Male) |
| 21:06 | Create | Villager (Male) |
| 21:08 | Create | Villager (Male) |
| 21:08 | Create | Villager (Male) |
| 21:14 | Build | Farm |
| 21:17 | Build | Farm |
| 21:20 | Build | Farm |
| 21:24 | Build | Farm |
Match timeline
| 12:47 | Gagsninja · first_market_sell 100 wood |
| 13:21 | GFX FELLAS · first_building Barracks |
| 13:25 | makingterror · first_market_sell 100 wood |
| 15:33 | Aloof7394 · first_market_buy 100 wood |
| 17:25 | Aloof7394 · first_building Monastery |
| 19:12 | GFX FELLAS · first_market_buy 100 stone |
| 19:56 | makingterror · first_building Monastery |
| 19:59 | Gagsninja · first_building Monastery |
| 23:27 | Gagsninja · wall_segment Stone Wall x23 |
| 23:34 | GFX FELLAS · first_market_sell 100 wood |
| 24:24 | GFX FELLAS · first_building Monastery |
| 25:29 | Slimyfellas · first_market_sell 100 wood |
| 25:32 | GFX FELLAS · first_building Archery Range |
| 25:57 | Slimyfellas · first_building Monastery |
| 26:02 | Gagsninja · wall_segment Stone Wall x20 |
| 26:05 | makingterror · wall_segment Stone Wall x40 |
| 26:13 | Gagsninja · wall_segment Stone Wall x22 |
| 26:24 | Aloof7394 · first_building Siege Workshop |
| 26:25 | makingterror · wall_segment Stone Wall x46 |
| 27:08 | Aloof7394 · wall_segment Stone Wall x87 |
| 27:10 | Gagsninja · first_building Siege Workshop |
| 27:21 | makingterror · first_building Siege Workshop |
| 27:29 | Slimyfellas · wall_segment Stone Wall x35 |
| 27:33 | GFX FELLAS · wall_segment Stone Wall x19 |
| 27:47 | GFX FELLAS · first_building Siege Workshop |
| 28:31 | Aloof7394 · wall_segment Stone Wall x2 |
| 28:45 | Gagsninja · first_market_buy 100 stone |
| 29:04 | Slimyfellas · first_building Siege Workshop |
| 29:09 | makingterror · first_building Castle |
| 29:12 | Gagsninja · first_building Castle |
| 29:18 | Slimyfellas · first_building Barracks |
| 29:21 | makingterror · first_building Barracks |
| 29:47 | GFX FELLAS · wall_segment Stone Wall x9 |
| 29:51 | GFX FELLAS · wall_segment Stone Wall x6 |
| 30:33 | GFX FELLAS · wall_segment Stone Wall x23 |
| 30:39 | GFX FELLAS · wall_segment Stone Wall x17 |
| 31:18 | Slimyfellas · first_building Stable |
| 31:21 | Aloof7394 · first_building Barracks |
| 32:03 | Aloof7394 · wall_segment Stone Wall x29 |
| 32:30 | vmora21 · first_building Monastery |
| 32:42 | Aloof7394 · first_building Castle |
| 33:03 | GFX FELLAS · wall_segment Stone Wall x8 |
| 33:28 | Gagsninja · first_building Barracks |
| 33:43 | Gagsninja · wall_segment Stone Wall x16 |
| 33:56 | Gagsninja · wall_segment Stone Wall x19 |
| 34:19 | vmora21 · first_building Castle |
| 34:40 | vmora21 · first_building Barracks |
| 36:01 | Aloof7394 · first_market_sell 500 food |
| 36:21 | Slimyfellas · wall_segment Stone Wall x71 |
| 36:59 | Aloof7394 · first_building Stable |
| 37:13 | Gagsninja · wall_segment Stone Wall x11 |
| 37:31 | Aloof7394 · first_building Archery Range |
| 39:47 | Slimyfellas · first_building Castle |
| 40:52 | Gagsninja · first_building Stable |
| 41:00 | makingterror · wall_segment Stone Wall x22 |
| 41:03 | Gagsninja · wall_segment Stone Wall x18 |
| 45:12 | Gagsninja · wall_segment Stone Wall x20 |
| 45:24 | Gagsninja · wall_segment Stone Wall x7 |
| 45:31 | Gagsninja · wall_segment Stone Wall x24 |
| 45:37 | Gagsninja · wall_segment Stone Wall x13 |
| 46:01 | GFX FELLAS · first_building Castle |
| 46:17 | vmora21 · wall_segment Stone Wall x10 |
| 46:32 | makingterror · wall_segment Stone Wall x14 |
| 46:58 | vmora21 · wall_segment Stone Wall x7 |
| 47:03 | vmora21 · wall_segment Stone Wall x22 |
| 47:08 | vmora21 · wall_segment Stone Wall x13 |
| 48:47 | makingterror · first_building Stable |
| 50:28 | vmora21 · first_building Siege Workshop |
| 51:27 | Gagsninja · wall_segment Stone Wall x14 |
| 51:40 | Gagsninja · wall_segment Stone Wall x13 |
| 51:59 | Gagsninja · wall_segment Stone Wall x24 |
| 52:12 | Gagsninja · wall_segment Stone Wall x34 |
| 52:24 | Gagsninja · wall_segment Stone Wall x24 |
| 53:26 | makingterror · first_market_buy 100 wood |
| 53:47 | Gagsninja · wall_segment Stone Wall x59 |
| 53:51 | Gagsninja · wall_segment Stone Wall x7 |
| 55:21 | vmora21 · first_market_buy 100 stone |
| 55:34 | vmora21 · wall_segment Stone Wall x4 |
| 55:38 | vmora21 · wall_segment Stone Wall x14 |
| 56:07 | makingterror · wall_segment Stone Wall x30 |
| 57:21 | GFX FELLAS · wall_segment Stone Wall x10 |
| 58:29 | Gagsninja · wall_segment Stone Wall x3 |
| 58:37 | Gagsninja · wall_segment Stone Wall x3 |
| 58:43 | Gagsninja · wall_segment Stone Wall x3 |
| 61:30 | GFX FELLAS · first_building Stable |
| 62:38 | GFX FELLAS · wall_segment Stone Wall x6 |
| 67:19 | Gagsninja · wall_segment Stone Wall x13 |
| 68:22 | Gagsninja · wall_segment Stone Wall x10 |
| 68:27 | Gagsninja · wall_segment Stone Wall x3 |
| 68:33 | Gagsninja · wall_segment Stone Wall x12 |
| 73:17 | Gagsninja · wall_segment Stone Wall x7 |
| 82:23 | makingterror · wall_segment Stone Wall x17 |
| 82:46 | makingterror · wall_segment Stone Wall x12 |
| 89:05 | vmora21 · resign |
| 94:53 | Slimyfellas · first_market_buy 100 stone |
[ AI ANALYSIS · 1 CREDIT ]
What really happened in this match?
Wolo.gg analyzes every decision: build order, eco, micro, common mistakes by bracket. Personalized analysis on WhatsApp or Discord in 30 seconds.
Civ guide
Mongols
Map guide
Michi
Perfil
Jugador #13696988